 Dungeon Crawl Stone Soup version 0.17-b1-20-g63edfd6 (webtiles) character file.

114 maniek23 the Vexing (level 4, -4/31 HPs)
             Began as a Vampire Enchanter on Nov 4, 2015.
             Was an Initiate of Ashenzari.
             Killed from afar by radek's ghost (7 damage)
             ... with a magic dart
             ... on level 3 of the Dungeon.
             The game lasted 00:09:21 (2139 turns).

maniek23 the Vexing (Vampire Enchanter)             Turns: 2139, Time: 00:09:21

Health: -4/31      AC:  5    Str:  8    XL:     4   Next: 66%
Magic:  2/7        EV: 13    Int: 20    God:    Ashenzari [......]
Gold:   189        SH:  0    Dex: 14    Spells: 3 memorised, 1 level left

rFire  . . .     SeeInvis +     a - +1 dagger
rCold  . . .     Clarity  .     b - +1 robe
rNeg   . . .     SustAt   .     (no shield)
rPois  .         Gourm    .     y - +1 helmet {Int+3}
rElec  .         Spirit   .     (no cloak)
rCorr  .         Warding  .     (no gloves)
rMut   .         Stasis   .     (no boots)
MR     .....                    (no amulet)
Stlth  +++.......               (no ring)
                                (no ring)

@: lethally poisoned (-4 -> -5), regenerating quickly, not resistant to hostile
enchantments, fairly stealthy
A: fangs 3, see invisible, unbreathing
a: Renounce Religion


You were on level 3 of the Dungeon.
You worshipped Ashenzari.
Ashenzari was noncommittal.
You were very full.

You visited 1 branch of the dungeon, and saw 3 of its levels.

You collected 189 gold pieces.

Inventory:

Hand Weapons
 a - a +1 dagger (weapon)
Armour
 b - a +1 robe (worn)
 k - a +0 hat
 y - a +1 helmet of intelligence (worn)
Jewellery
 o - an uncursed ring of protection from magic
Scrolls
 e - 6 scrolls of identify {unknown}
 g - a scroll of immolation {unknown}
 h - a scroll of magic mapping {unknown}
 j - 3 scrolls of remove curse
 l - 2 scrolls of random uselessness {unknown}
 m - a scroll of recharging {unknown}
 p - a scroll of amnesia {unknown}
 q - a scroll of enchant armour {unknown}
 s - a scroll of blinking {unknown}
 v - a scroll of fog {unknown}
 w - a scroll of noise {unknown}
Potions
 d - 9 potions of blood
 f - a potion of magic {unknown}
 i - 5 potions of curing {unknown}
 n - 2 potions of haste {unknown}
 r - a potion of flight {unknown}
 t - a potion of mutation {unknown}
 u - a potion of brilliance {unknown}
 x - a potion of lignification {unknown}
 z - 3 potions of might {unknown}
 A - a potion of cure mutation {unknown}
 B - 2 potions of resistance {unknown}
Books
 c - a book of Maledictions

   Spells                             Type                      Level
   a - Corona                         Hexes                        1
   b - Ensorcelled Hibernation        Hexes/Ice                    2
   c - Confuse                        Hexes                        3
   d - Tukima's Dance                 Hexes                        3
   e - Dazzling Spray                 Conjuration/Hexes            3


   Skills:
 - Level 0.5 Fighting
 * Level 2.1 Short Blades
 + Level 3.4 Dodging
 + Level 5.2 Stealth
 + Level 2.3 Spellcasting
 + Level 5.4 Hexes
 - Level 0.2 Ice Magic


You had one spell level left.
You knew the following spells:

 Your Spells              Type           Power        Failure   Level  Hunger
a - Corona                Hex            ###....      1%          1    #......
b - Ensorcelled Hibernat  Hex/Ice        ##....       10%         2    ##.....
c - Confuse               Hex            ###.....     6%          3    ###....


Dungeon Overview and Level Annotations

Branches:
Dungeon (3/15)

Altars:
Ashenzari
Dithmenos
Elyvilon
Fedhas
Okawaru
Qazlal
Vehumet

Annotations:
D:3 radek's ghost, amateur DECj


Innate Abilities, Weirdness & Mutations

Your natural rate of healing is unusually fast.
You have razor-sharp teeth.
You have supernaturally acute eyesight.
You can survive without breathing.


Message History

You feel sick.
Radek's ghost gestures at you while chanting.
The magic dart hits you!
You feel sick.
You feel sick.
Radek's ghost shrieks, "You will join me soon!"
Radek's ghost gestures at you while chanting.
The magic dart hits you!
You feel sick.
Radek's ghost points at you and mumbles some strange words.
The magic dart hits you!
* * * LOW HITPOINT WARNING * * *
Radek's ghost is bathed in the radiant lights of Iskenderun.
Radek's ghost gestures at you while chanting.
The magic dart hits you!
* * * LOW HITPOINT WARNING * * *
You feel sick.
Radek's ghost points at you and mumbles some strange words.
The magic dart hits you!
You die...

............#####.....##....#..##
.#................##...#....#..#
.........##.....W####........###
..................## .........
##.................##......
#.>....#..................
#......#..........##......
#......#..........# .....
##...(###......@.## . ######
##.....<## ##....## ######


You could see radek's ghost.

Vanquished Creatures
  Natasha (D:3)
  Robin (D:3)
  2 adders
  An ooze (D:1)
  2 giant geckos
  An orc (D:3)
  A ball python (D:2)
  2 bats
  3 giant cockroaches
  14 hobgoblins
  2 quokkas
  2 giant newts (D:3)
  9 goblins
  5 kobolds
  7 rats
53 creatures vanquished.

Vanquished Creatures (others)
  5 toadstools (D:1)
5 creatures vanquished.

Grand Total: 58 creatures vanquished

Notes
Turn   | Place    | Note
--------------------------------------------------------------
     0 | D:1      | maniek23 the Vampire Enchanter began the quest for the Orb.
     0 | D:1      | Reached XP level 1. HP: 13/13 MP: 3/3
   219 | D:1      | Reached XP level 2. HP: 19/19 MP: 5/5
   239 | D:1      | Learned a level 2 spell: Ensorcelled Hibernation
   687 | D:2      | Found an iron altar of Okawaru.
   688 | D:2      | Found a radiant altar of Vehumet.
   747 | D:2      | Reached skill level 5 in Hexes
   754 | D:2      | Found a blossoming altar of Fedhas.
   768 | D:2      | Found a stormy altar of Qazlal.
   775 | D:2      | Reached XP level 3. HP: 24/24 MP: 6/6
  1330 | D:3      | Noticed Robin
  1702 | D:3      | Reached skill level 5 in Stealth
  1729 | D:3      | Killed Robin
  1729 | D:3      | Reached XP level 4. HP: 26/31 MP: 3/7
  1751 | D:3      | Found a shadowy altar of Dithmenos.
  1754 | D:3      | Found a shattered altar of Ashenzari.
  1756 | D:3      | Found a white marble altar of Elyvilon.
  1772 | D:3      | Became a worshipper of Ashenzari the Shackled
  1810 | D:3      | Noticed Natasha
  1827 | D:3      | Killed Natasha
  2076 | D:3      | Found a shadowy altar of Dithmenos.
  2114 | D:3      | Noticed radek's ghost (amateur DECj)
  2122 | D:3      | Learned a level 3 spell: Confuse
  2139 | D:3      | Killed from afar by radek's ghost

Action                   |  1- 3 |  4- 6 || total
-------------------------+-------+-------++-------
Melee: Dagger            |   130 |    44 ||   174
 Cast: Corona            |     5 |       ||     5
       Ensorcelled Hiber |     7 |     4 ||    11
       Confuse           |       |     2 ||     2
 Stab: Sleeping          |    14 |     5 ||    19
  Eat: Corpse            |    11 |     4 ||    15
